AoeStats
← joseantonioibanez8

Arabia

510224719Analyzed
4v4 RM · 17h ago on Sep 30, 2026· 45m 31s· 8 players
Game mode
Random Map
Map size
Large (8 player)
Population
200
Speed
Normal
Resources
Standard
Victory
Conquest
Starting age
Dark Age
Ending age
Imperial Age
RankedLock teamsTeams togetherTeam positionsShared explorationLock speedFull tech treeHidden civsTurbo modeCheats
Victory
Defeat
🇬🇧 Saxons · United Kingdom
855
+13
🇲🇽 Turks · Mexico
846
+13
🇨🇴 Mongols · Colombia
837
+14
🇨🇴 Poles · Colombia
834
+14
🇺🇾 Vikings · Uruguay
960
-20
🇨🇱 Franks · Chile
827
-15
🇨🇱 Khitans · Chile
718
-11
🇨🇱 Italians · Chile
641
-8
Executioner's Bong
3:24 Loom
11:11 Feudal Age
13:37 Double-Bit Axe
19:40 Fletching
22:33 Castle Age
20:27 Stone Mining
23:18 Bodkin Arrow
24:17 Padded Archer Armor
29:07 Elite Skirmisher
30:14 Bow Saw
30:59 Leather Archer Armor
37:01 Guard Tower
40:21 Ballistics
41:37 Wheelbarrow
41:14 Treadmill Crane
42:39 Horse Collar
43:38 Gold Mining
joseantonioibanez8
0:40 Loom
11:21 Feudal Age
16:18 Castle Age
17:24 Double-Bit Axe
17:22 Horse Collar
18:49 Heavy Plow
19:02 Bow Saw
28:22 Wheelbarrow
30:24 Gold Mining
33:57 Imperial Age
33:05 Hand Cart
32:36 Town Watch
33:45 Gold Shaft Mining
33:17 Scale Barding Armor
33:23 Forging
33:32 Husbandry
33:42 Bloodlines
34:44 Chain Barding Armor
34:52 Artillery
35:19 Conscription
37:39 Elite Janissary
39:04 Iron Casting
41:09 Stone Mining
41:26 Town Patrol
aebigor
2:40 Loom
13:04 Feudal Age
17:50 Castle Age
17:04 Double-Bit Axe
17:04 Horse Collar
19:18 Stone Mining
22:01 Wheelbarrow
21:19 Gold Mining
22:21 Bow Saw
22:18 Heavy Plow
24:32 Stone Shaft Mining
25:52 Hand Cart
26:50 Fletching
27:00 Padded Archer Armor
29:10 Scale Barding Armor
29:15 Forging
41:04 Imperial Age
42:22 Chain Barding Armor
42:41 Gold Shaft Mining
45:19 Pikeman
eduard.ft
13:42 Feudal Age
18:39 Castle Age
20:11 Double-Bit Axe
24:11 Horse Collar
27:06 Wheelbarrow
26:19 Loom
26:44 Heavy Plow
28:48 Hand Cart
28:59 Bloodlines
29:58 Forging
32:44 Iron Casting
37:18 Imperial Age
38:38 Lechitic Legacy
38:11 Light Cavalry
38:51 Husbandry
39:53 Winged Hussar
42:03 Elite Skirmisher
45:21 Blast Furnace
44:27 Scale Barding Armor
44:15 Fletching
44:26 Padded Archer Armor
wowmiqui
5:11 Loom
11:41 Feudal Age
15:34 Double-Bit Axe
19:14 Castle Age
18:48 Wheelbarrow
18:09 Gold Mining
18:58 Forging
21:41 Bow Saw
24:19 Husbandry
25:03 Iron Casting
25:56 Hand Cart
26:17 Scale Barding Armor
30:26 Gold Shaft Mining
29:51 Town Watch
32:09 Chain Barding Armor
35:19 Crossbowman
37:26 Town Patrol
37:01 Elite Skirmisher
37:59 Pikeman
38:39 Squires
41:43 Crossbowman
Thorfinn
5:00 Loom
11:04 Feudal Age
14:30 Town Watch
15:12 Double-Bit Axe
16:18 Fletching
21:47 Castle Age
22:26 Bodkin Arrow
21:53 Crossbowman
23:42 Bow Saw
23:23 Gold Mining
27:34 Padded Archer Armor
29:22 Ballistics
29:59 Leather Archer Armor
29:56 Masonry
31:22 Gold Shaft Mining
34:46 Imperial Age
34:28 Town Patrol
34:52 Arbalester
36:52 Chemistry
36:10 Bracer
38:28 Stone Mining
41:38 Ring Archer Armor
Tiienty
3:03 Loom
11:34 Feudal Age
13:51 Double-Bit Axe
16:17 Domestication
20:00 Castle Age
18:09 Gold Mining
19:03 Forging
21:05 Husbandry
22:10 Bow Saw
23:57 Iron Casting
25:39 Pastoralism
28:31 Wheelbarrow
34:51 Imperial Age
32:30 Stone Mining
38:37 Elite Steppe Lancer
42:24 Scale Barding Armor
floresmonserratpaz
2:17 Loom
11:30 Feudal Age
21:53 Castle Age
22:34 Horse Collar
22:24 Crossbowman
23:12 Padded Archer Armor
28:37 Leather Archer Armor
28:14 Fletching
39:32 Pikeman
44:23 Imperial Age
42:21 Ballistics
Connection lost

Rejoining the realm…

Still unreachable

The connection could not be restored.

Session expired

The server has moved on; the page needs a fresh start.